 Dungeon Crawl Stone Soup version 0.30-a0-385-gfebfb9b408 (webtiles) character file.

Game seed: 15265196079135545692

84170 lokiplouj the Warrior (level 15, -9/148 HPs)
             Began as a Minotaur Berserker on Dec 2, 2022.
             Was a High Priest of Trog.
             Shot with an arrow by a deep elf archer (14 damage)
             ... on level 1 of the Elven Halls.
             The game lasted 00:58:44 (20568 turns).

lokiplouj the Warrior (Minotaur Berserker)         Turns: 20568, Time: 00:58:45

Health: -9/148     AC: 25    Str: 39    XL:     15   Next: 34%
Magic:  14/14      EV: 17    Int:  4    God:    Trog [*****.]
Gold:   2353       SH:  9    Dex: 19    Spells: 14/14 levels left

rFire   + . .      SeeInvis .    B - +2 war axe (flame)
rCold   . . .      Faith    .    N - +1 kite shield
rNeg    . . .      Spirit   .    L - +4 plate armour {rF+}
rPois   +          Reflect  .    (helmet restricted)
rElec   +          Harm     +    f - scarf {harm}
rCorr   .          Rampage  .    k - +0 pair of gloves
Will    +....                    G - +0 pair of boots "Jeagheos" {Fly rElec rPois Str+7}
Stlth   ..........               (no amulet)
HPRegen 0.44/turn                u - +6 ring of dexterity
MPRegen 0.14/turn                X - +6 ring of strength

@: flying, slowed, very slow
A: horns 2, retaliatory headbutt
a: Renounce Religion, Berserk, Trog's Hand, Brothers in Arms


You were on level 1 of the Elven Halls.
You worshipped Trog.
Trog was extremely pleased with you.
You visited 5 branches of the dungeon, and saw 22 of its levels.
You also visited: Gauntlet.

You collected 2353 gold pieces.

Inventory:

Hand Weapons
 d - a +0 dagger of draining
 B - a +2 war axe of flaming (weapon)
 O - a +2 vampiric war axe
 U - the +5 great mace of an ice cave {spect, Fragile Dex+2 Stlth+}
   (You took it off a two-headed ogre on level 10 of the Dungeon)

   When its wielder attacks, the weapon's spirit leaps out and strikes again.
   The spirit shares a part of any damage it takes with its wielder.
   Dex:       It affects your dexterity (+2).
   Fragile:   It will be destroyed if unequipped.
   Stlth:     It makes you more stealthy.
Missiles
 Q - 23 boomerangs
Armour
 f - a scarf of harm (worn)
 k - a +0 pair of gloves (worn)
 o - the +0 pair of boots "Pukuem" {rPois Will- Str+2}
   (You found it on level 1 of the Orcish Mines)

   Str:       It affects your strength (+2).
   rPois:     It protects you from poison.
   Will:      It decreases your willpower.
 G - the +0 pair of boots "Jeagheos" (worn) {Fly rElec rPois Str+7}
   (You found it on level 6 of the Dungeon)

   Str:       It affects your strength (+7).
   rElec:     It insulates you from electricity.
   rPois:     It protects you from poison.
   Fly:       It grants you flight.
 L - a +4 plate armour of fire resistance (worn)
 N - a +1 kite shield (worn)
 V - a +2 cloak
Jewellery
 g - a +6 ring of dexterity
 u - a +6 ring of dexterity (left hand)
 I - a ring of see invisible
 X - a +6 ring of strength (right hand)
Wands
 x - a wand of flame (23)
 y - a wand of polymorph (11) (quivered)
 A - a wand of charming (10)
 K - a wand of acid (15)
 S - a wand of iceblast (13)
Scrolls
 b - 2 scrolls of silence
 c - 2 scrolls of amnesia
 h - 5 scrolls of blinking
 p - 4 scrolls of enchant weapon
 s - 2 scrolls of poison
 t - 3 scrolls of vulnerability
 C - 8 scrolls of teleportation
 F - 2 scrolls of torment
 J - a scroll of immolation
 M - 2 scrolls of brand weapon
 P - a scroll of identify
 W - a scroll of magic mapping
Potions
 e - 7 potions of haste
 i - 8 potions of degeneration
 j - 10 potions of curing
 m - 2 potions of ambrosia {unknown}
 n - 3 potions of magic {unknown}
 q - 3 potions of resistance {unknown}
 r - 4 potions of heal wounds
 v - 7 potions of might
 w - 9 potions of mutation
 z - 2 potions of brilliance {unknown}
 D - a potion of invisibility
 E - 5 potions of flight {unknown}
 R - 9 potions of attraction
 T - 2 potions of lignification {unknown}
 Y - 6 potions of berserk rage {unknown}
Miscellaneous
 a - a phantom mirror
 l - a lightning rod (4/4)
 H - a piece from Xom's chessboard (15/15)


   Skills:
 + Level 17.7 Fighting
 - Level 14.0 Axes
 + Level 17.5 Armour
 + Level 16.1 Dodging


You had 14 spell levels left.
You didn't know any spells.
Your spell library was empty.

Dungeon Overview and Level Annotations

Branches:
Dungeon (13/15)            Temple (1/1) D:4            Lair (5/5) D:11
 Shoals (0/4) Lair:2        Snake (0/4) Lair:2        Slime (0/5) Lair:5
    Orc (2/2) D:12            Elf (1/3) Orc:2        Vaults (0/5) D:13
Gauntlet (visited)

Altars:
Ashenzari
Cheibriados
Dithmenos
Elyvilon
Fedhas
Gozag
Hepliaklqana
Kikubaaqudgha
Makhleb
Nemelex Xobeh
Okawaru
Qazlal
Ru
Sif Muna
Trog
Uskayaw
Vehumet
Wu Jian
Xom
Yredelemnul
Zin
The Shining One
Jiyva

Portals:
Trove: D:13 (give 11 potions of heal wounds)


Innate Abilities, Weirdness & Mutations

You have a pair of horns on your head.
You reflexively headbutt those who attack you in melee.


Message History

The deep elf sorcerer points at you and mumbles some strange words.
The bolt of acid hits you.
* * * LOW HITPOINT WARNING * * *
Items here: )) [ †.
Okay, then.
As you read the scroll of teleportation, it crumbles to dust.
You feel strangely unstable.
The deep elf zephyrmancer completely misses you.
You furiously retaliate!
You headbutt the deep elf zephyrmancer!
The deep elf sorcerer hits you but does no damage.
You block the deep elf sorcerer's attack.
The deep elf zephyrmancer gestures at you while chanting.
The bolt of lightning misses you.
Unknown command.
You feel better.
The deep elf zephyrmancer gestures at you while chanting.
The bolt of lightning hits you! You resist.
* * * LOW HITPOINT WARNING * * *
The deep elf sorcerer casts a spell.
The deep elf sorcerer seems to speed up.
You hear a shout!
You hit the deep elf sorcerer. You burn the deep elf sorcerer.
The deep elf sorcerer is lightly wounded.
You hit the deep elf zephyrmancer. You burn the deep elf zephyrmancer.
Your surroundings suddenly seem different.
A deep elf archer comes into view. It is wielding a +0 dagger.
Found a chain mail.
The deep elf archer mumbles some strange words.
The deep elf archer blinks!
The deep elf archer unwields a +0 dagger.
The deep elf archer wields a +0 shortbow.
The deep elf archer shoots an arrow.
The arrow hits you!
* * * LOW HITPOINT WARNING * * *
Found a chain mail.
You recover from your berserk rage.
The deep elf archer shoots an arrow.
The arrow hits you but does no damage.
The deep elf archer shoots an arrow.
The arrow hits you!
* * * LOW HITPOINT WARNING * * *
The deep elf archer shoots an arrow.
The arrow hits you!
You die...

........# .......'
...... ....# ...# # .
#ee# #.# .. #)# ###'###
... #)# ##.....######.#
....#.###.......@...[.#
8...e.##........#####.#
....#.)'........####
....#..)...............
... #.##...............
.## #.##...............
. ..##.............[.
####.[.).e.........
#####)###.......


You could see a deep elf archer (repels missiles).

Vanquished Creatures
  2 orc warlords (Orc:1)
  4 hydras
  The ghost of ragingrage the Fighter, a journeyman DjDe of Ashenzari (D:10)
  4 boulder beetles
  7 two-headed ogres
  3 centaur warriors (D:13)
  A tengu warrior (D:13)
  A dancing weapon (Elf:1)
  2 orc high priests (Orc:1)
  Nergalle (D:12)
  4 deep elf knights (Elf:1)
  The ghost of indyram44 the Covered, a novice DsGl of Okawaru (D:8)
  2 deep elf archers (Elf:1)
  A necromancer (D:13)
  A wolf spider zombie (D:12)
  6 deep elf pyromancers
  6 deep elf zephyrmancers (Elf:1)
  3 orc knights (Orc:1)
  An ugly thing (D:13)
  3 cyclopes
  5 orc sorcerers
  3 manticores
  5 elephants (Lair:3)
  A merfolk siren (Lair:2)
  11 cane toads
  11 centaur zombies (D:12)
  7 black mambas
  3 gargoyles
  A kobold demonologist (D:10)
  Maggie (D:6)
  A torpor snail (Lair:1)
  8 komodo dragons
  A rime drake (Lair:5)
  8 trolls
  3 merfolk (Lair:2)
  9 polar bears
  4 hornets (Lair:5)
  Prince Ribbit (Lair:2)
  28 blink frogs
  A raiju (shapeshifter) (Elf:1)
  7 slime creatures (D:12)
  19 dream sheep
  Sigmund (D:2)
  23 yaks
  14 spriggans (Lair:5)
  A yak (shapeshifter) (Elf:1)
  2 shadows
  3 wraiths (D:12)
  A hog (shapeshifter) (Elf:1)
  7 wyverns
  2 basilisks
  3 steam dragons
  3 fire elementals (Elf:1)
  5 wargs (Orc:1)
  A naga (Lair:2)
  14 water moccasins
  20 orc warriors
  2 sky beasts
  3 black bears
  4 boggarts (Lair:5)
  4 ice beasts
  The ghost of dornbeast the Cutter, an amateur DrRe (D:5)
  29 wolves
  4 ogres
  14 centaurs
  A phantom (D:4)
  6 kobold brigands
  A necrophage (D:4)
  9 bullfrogs
  3 scorpions
  2 gnoll sergeants (D:8)
  An electric eel (D:6)
  5 howler monkeys
  2 hounds
  2 gnoll boudas
  10 orc priests
  Crazy Yiuf (D:3)
  Terence (D:2)
  An iguana (D:6)
  18 orc wizards
  A killer bee simulacrum (D:8)
  A mummy (D:5)
  Robin (D:2)
  12 gnolls
  9 adders
  2 white imps
  A worm (D:3)
  3 dart slugs
  54 orcs
  5 ball pythons
  4 bats
  5 endoplasms
  5 giant cockroaches
  13 goblins
  4 hobgoblins
  6 jackals
  4 quokkas
  15 frilled lizards
  24 kobolds
  4 rats
  A bush (Lair:5)
590 creatures vanquished.

Vanquished Creatures (collateral kills)
  The ghost of Cenuekhar the Geomancer, a journeyman MeEE of Cheibriados (Lair:2)
  A hydra (Lair:2)
  A two-headed ogre (Orc:1)
  A deep elf archer (Elf:1)
  5 orc warriors (Orc:1)
  An orc priest (Orc:1)
  5 orcs (Orc:1)
15 creatures vanquished.

Vanquished Creatures (others)
  A deep elf knight (Elf:1)
  A kobold (D:10)
  21 fungi
  40 plants
  3 withered plants (Gauntlet)
66 creatures vanquished.

Grand Total: 671 creatures vanquished

Notes
Turn   | Place    | Note
-------+----------+-------------------------------------------
     0 | D:1      | lokiplouj the Minotaur Berserker began the quest for the
                  | Orb.
     0 | D:1      | Reached XP level 1. HP: 19/19 MP: 0/0
   147 | D:1      | Reached XP level 2. HP: 27/27 MP: 1/1
   601 | D:2      | Reached XP level 3. HP: 26/33 MP: 2/2
   763 | D:2      | Noticed Terence
   775 | D:2      | Killed Terence
   776 | D:2      | Reached XP level 4. HP: 21/41 MP: 1/3
   936 | D:2      | Noticed Sigmund
   938 | D:2      | Reached ** piety under Trog
   949 | D:2      | Killed Sigmund
   950 | D:2      | Reached skill level 5 in Fighting
   950 | D:2      | Reached skill level 5 in Axes
   950 | D:2      | Reached XP level 5. HP: 48/48 MP: 2/4
  1082 | D:2      | Noticed Robin
  1091 | D:2      | Killed Robin
  1092 | D:2      | Reached XP level 6. HP: 53/56 MP: 5/5
  1325 | D:3      | Found a burning altar of Makhleb.
  1333 | D:3      | Found a blossoming altar of Fedhas.
  1419 | D:3      | Found a glowing silver altar of Zin.
  1489 | D:3      | Found an iron altar of Okawaru.
  2058 | D:3      | Found a runed translucent door.
  2059 | D:3      | Noticed Crazy Yiuf
  2434 | D:3      | Killed Crazy Yiuf
  2532 | D:4      | Found an ancient bone altar of Kikubaaqudgha.
  2623 | D:4      | Reached skill level 5 in Armour
  2623 | D:4      | Reached XP level 7. HP: 20/62 MP: 6/6
  2737 | D:4      | Found a staircase to the Ecumenical Temple.
  3293 | Temple   | Entered the Ecumenical Temple
  3411 | D:5      | Entered Level 5 of the Dungeon
  3593 | D:5      | Found a radiant altar of Vehumet.
  3660 | D:5      | Found a runed translucent gate.
  3660 | D:5      | Found a runed translucent gate.
  3660 | D:5      | Found a runed translucent gate.
  3663 | D:5      | Noticed dornbeast's ghost (amateur DrRe)
  3857 | D:5      | Found a snail-covered altar of Cheibriados.
  4000 | D:5      | Reached skill level 5 in Dodging
  4112 | D:5      | Killed dornbeast's ghost
  4181 | D:6      | Reached XP level 8. HP: 54/71 MP: 7/7
  4258 | D:6      | Noticed Maggie
  4275 | D:6      | Killed Maggie
  4460 | D:6      | Reached *** piety under Trog
  4813 | D:6      | Identified the +0 pair of boots "Jeagheos" {Fly rElec rPois
                  | Str+7}
  5633 | D:7      | Reached XP level 9. HP: 65/81 MP: 8/8
  5648 | D:7      | Identified the +10 dagger of Cesteafued {speed, Will+
                  | Int+5}
  5737 | D:7      | Found a sparkling altar of Nemelex Xobeh.
  6430 | D:8      | Noticed indyram44's ghost (novice DsGl)
  6432 | D:8      | Noticed a deep elf pyromancer
  6433 | D:8      | Found a transporter.
  6436 | D:8      | Found a transporter.
  6436 | D:8      | Identified the +1 leather armour of Violyf {Int-4 Dex+7}
  6858 | D:8      | Killed indyram44's ghost
  6862 | D:8      | Killed a deep elf pyromancer
  6863 | D:8      | Reached XP level 10. HP: 91/91 MP: 9/9
  7416 | D:9      | Noticed a cyclops
  7420 | D:9      | Killed a cyclops
  7447 | D:9      | Noticed a smoke demon
  7586 | D:9      | Reached skill level 10 in Fighting
  7671 | D:9      | Reached **** piety under Trog
  7710 | D:9      | Reached skill level 10 in Axes
  7787 | D:9      | Noticed a two-headed ogre
  7793 | D:9      | Killed a two-headed ogre
  8024 | D:10     | Entered Level 10 of the Dungeon
  8053 | D:10     | Reached skill level 10 in Armour
  8072 | D:10     | Found a shimmering altar of Xom.
  8189 | D:10     | Noticed a two-headed ogre
  8197 | D:10     | Killed a two-headed ogre
  8233 | D:10     | Found a basalt altar of Yredelemnul.
  8233 | D:10     | Noticed a manticore
  8235 | D:10     | Noticed a profane servitor
  8240 | D:10     | Killed a manticore
  8272 | D:10     | Reached XP level 11. HP: 90/101 MP: 10/10
  8430 | D:10     | Found a bloodstained altar of Trog.
  8498 | D:10     | Found a glowing golden altar of the Shining One.
  8500 | D:10     | Noticed an angel
  8585 | D:10     | Found a transporter.
  8588 | D:10     | Noticed ragingrage's ghost (journeyman DjDe)
  8588 | D:10     | Noticed a two-headed ogre
  8589 | D:10     | Found a transporter.
  8589 | D:10     | Noticed a two-headed ogre
  8589 | D:10     | Noticed a two-headed ogre
  8590 | D:10     | Identified the +5 great mace of an ice cave {spect, Fragile
                  | Dex+2 Stlth+}
  8590 | D:10     | Noticed a two-headed ogre
  8808 | D:10     | Killed a two-headed ogre
  8810 | D:10     | Killed a two-headed ogre
  8811 | D:10     | Reached skill level 10 in Dodging
  8812 | D:10     | Killed a two-headed ogre
  8813 | D:10     | Killed a two-headed ogre
  8822 | D:10     | Killed ragingrage's ghost
  8941 | D:11     | Found a gate leading to a gauntlet.
  8948 | Gauntlet | Entered a Gauntlet
  8948 | Gauntlet | Found a transporter.
  8951 | Gauntlet | Found a transporter.
  8953 | Gauntlet | Found a transporter.
  8976 | Gauntlet | Found a transporter.
  8977 | Gauntlet | Found a transporter.
  8978 | Gauntlet | Noticed a quicksilver ooze
  8984 | Gauntlet | Found a transporter.
  9005 | Gauntlet | Found a transporter.
  9016 | Gauntlet | Found a transporter.
  9027 | Gauntlet | Found a transporter.
  9046 | Gauntlet | Found a transporter.
  9060 | Gauntlet | Found a transporter.
  9060 | Gauntlet | Found a transporter.
  9138 | Gauntlet | Found a transporter.
  9138 | Gauntlet | Found a transporter.
  9296 | D:11     | Found a staircase to the Lair.
  9518 | D:11     | Noticed a boulder beetle
  9546 | D:11     | Killed a boulder beetle
 10017 | Lair:1   | Entered Level 1 of the Lair of Beasts
 10200 | Lair:1   | You are sucked into a shaft and drop 1 floor!
 10298 | Lair:2   | Noticed Prince Ribbit
 10310 | Lair:2   | Killed Prince Ribbit
 10311 | Lair:2   | Reached XP level 12. HP: 113/113 MP: 11/11
 11120 | Lair:2   | Found the dreamshard necklace {*Dream Drain}
 11140 | Lair:2   | Found a runed translucent gate.
 11140 | Lair:2   | Found a runed translucent gate.
 11140 | Lair:2   | Found a runed translucent gate.
 11220 | Lair:2   | Noticed Cenuekhar's ghost (journeyman MeEE)
 11222 | Lair:2   | Noticed a 13-headed hydra
 11271 | Lair:2   | Found a staircase to the Shoals.
 11472 | Lair:2   | Found a staircase to the Snake Pit.
 11679 | Lair:2   | Killed a 13-headed hydra
 11685 | Lair:2   | Killed Cenuekhar's ghost
 12382 | Lair:3   | Reached XP level 13. HP: 123/123 MP: 12/12
 12698 | Lair:3   | Identified the +12 dagger of the Globe {flame, MP-9 Int+4}
 13379 | Lair:4   | Reached ***** piety under Trog
 14046 | Lair:5   | Entered Level 5 of the Lair of Beasts
 14419 | Lair:5   | Reached skill level 15 in Fighting
 14464 | Lair:5   | Identified the +7 arbalest of the Wilderness {speed, rC+}
 14557 | Lair:5   | Reached skill level 15 in Armour
 14566 | Lair:5   | Received a gift from Trog
 14824 | Lair:5   | Reached XP level 14. HP: 99/135 MP: 13/13
 15039 | Lair:5   | Found a sacrificial altar of Ru.
 15255 | Lair:5   | Found a staircase to the Slime Pits.
 15255 | Lair:5   | Found a viscous altar of Jiyva.
 16531 | D:12     | Found a staircase to the Orcish Mines.
 16786 | D:12     | Noticed Nergalle
 16798 | D:12     | Killed Nergalle
 16877 | D:12     | Found a basalt altar of Yredelemnul.
 17828 | D:13     | Reached skill level 15 in Dodging
 18117 | D:13     | Found a gate to the Vaults.
 18319 | D:13     | Found a portal to a secret trove of treasure.
 18501 | Orc:1    | Entered Level 1 of the Orcish Mines
 18667 | Orc:1    | Received a gift from Trog
 18991 | Orc:1    | Noticed an orc warlord
 19007 | Orc:1    | Killed an orc warlord
 19026 | Orc:1    | Noticed an orc warlord
 19033 | Orc:1    | Reached XP level 15. HP: 86/147 MP: 14/14
 19832 | Orc:1    | Identified the +0 pair of boots "Pukuem" {rPois Will-
                  | Str+2}
 20004 | Orc:2    | Entered Level 2 of the Orcish Mines
 20188 | Orc:2    | Found a staircase to the Elven Halls.
 20209 | Elf:1    | Entered Level 1 of the Elven Halls
 20364 | Elf:1    | HP: 6/147 [deep elf archer/arrow (21)]
 20531 | Elf:1    | Received a gift from Trog
 20560 | Elf:1    | Noticed a deep elf sorcerer
 20568 | Elf:1    | HP: 5/148 [deep elf archer/arrow (12)]
 20568 | Elf:1    | Shot with an arrow by a deep elf archer

Illustrated notes

Levels and vault maps discovered:
D:1:      lemuel_arrival_river_bridge, layout_basic
D:2:      layout_rooms, uniq_robin, uniq_terence, uniq_sigmund
D:3:      layout_loops_corners, bloody_makhleb, fedhas_altar_fruit_tree,
          okawaru_altar_gauntlet_db, mainiacjoe_overflow_small_starburst,
          minmay_misc_feat_rugged, dreamdust_wishing_well,
          uniq_crazy_yiuf_cottage
D:4:      layout_loops_cross, kennysheep_little_box,
          minmay_temple_entry_enclosed_plants
D:5:      layout_basic, slow_altar_1, amcnicky_altar_gilded,
          gammafunk_ghost_nasty_kobolds, serial_glass, glass_columns_a,
          glass_columns_a, glass_columns_a, glass_columns_b, glass_columns_c,
          glass_columns_a, minmay_strange_pillars
D:6:      layout_loops_corners, minivault_25, kennysheep_doodads,
          minmay_misc_feat_columns, minmay_lizard_king, uniq_maggie
D:7:      layout_loops_corners, nemelex_dance_club_becter
D:8:      layout_rooms, gammafunk_ghost_arena
D:9:      layout_gridville
D:10:     layout_small_grid, grunt_temple_overflow_holy_war,
          mainiacjoe_overflow_tiny_flanked, marbit_many_paths,
          gammafunk_ghost_smash
D:11:     layout_basic, david_lair_shrubbed, gauntlet_entry_generic
D:12:     layout_gridville, orc_david_3, chequers_serial_rivers_micro_d,
          nicolae_yredelemnul_corpse_copse, uniq_nergalle
D:13:     layout_roguey, david_vaults_1, nicolae_trove_entry_columns
Temple:   cyrus_temple_forest
Lair:1:   layout_cave_pods, nicolae_quartered_pool_impasse
Lair:2:   layout_chaotic_city, elwin_shoals_entry_stream,
          guppyfry_snake_entry_garden, gammafunk_ghost_hydra_chop,
          uniq_prince_ribbit2
Lair:3:   nzn_winding_woodlands_medium [nzn_winding_woodlands_5x5_checkerboard,
          nzn_winding_woodlands_5x15_river_crossing,
          nzn_winding_woodlands_5x5_three, nzn_winding_woodlands_5x5_default,
          nzn_winding_woodlands_center_lodge, nzn_winding_woodlands_hourglass,
          nzn_winding_woodlands_5x5_default, nzn_winding_woodlands_5x15_crooked,
          nzn_winding_woodlands_5x5_closed_star], layout_cave_pods,
          infiniplex_staircase_pool_2
Lair:4:   layout_roguey, dreamdust_mushroom_princess
Lair:5:   minmay_lair_end_enchanted_forest, layout_cave_shapes, slime_entry_1,
          basic_altar, nicolae_lair_grove_arrangements, evilmike_ambush
          [evilmike_ambush_outer_doors, evilmike_ambush_inner_basic]
Orc:1:    layout_diamond_mine, minmay_orc_treasury
Orc:2:    kennysheep_orc_mage_school, layout_diamond_mine,
          david_defended_altar_orc
Elf:1:    layout_gridlike, minivault_28, uniq_asterion

Skill      XL: |  1  2  3  4  5  6  7  8  9 10 11 12 13 14 15 |
---------------+----------------------------------------------+-----
Fighting       | 4 5 6 8 9 10 12 13 15 17 | 17.7
Axes           | 4 5 6 7 9 10 12 13 14 | 14.0
Armour         | 3 4 5 6 7 9 10 12 13 15 16 17 | 17.5
Dodging        | 3 4 5 6 8 9 11 12 14 15 16 | 16.1

Action                   |  1- 3 |  4- 6 |  7- 9 | 10-12 | 13-15 || total
-------------------------+-------+-------+-------+-------+-------++-------
Melee: Hand axe          |    52 |   105 |    71 |       |       ||   228
       Headbutt          |     7 |    18 |    38 |   102 |   203 ||   368
       Punch             |     1 |       |     1 |       |       ||     2
       War axe           |       |       |   111 |   354 |   744 ||  1209
Throw: Boomerang         |       |       |       |     3 |       ||     3
Invok: Berserk           |       |     2 |     2 |     7 |     8 ||    19
       Trog's Hand       |       |       |     3 |     5 |    10 ||    18
       Brothers in Arms  |       |       |       |     2 |     2 ||     4
Evoke: Wand              |       |       |       |     1 |     1 ||     2
  Use: Scroll            |       |     3 |       |    12 |     9 ||    24
       Potion            |       |       |       |       |     2 ||     2
 Stab: Sleeping          |     1 |       |     1 |       |       ||     2
       Distracted        |       |       |       |       |     2 ||     2
Armor: Animal skin       |     9 |    12 |    11 |       |       ||    32
       Plate armour      |       |       |    72 |   210 |   337 ||   619
       Steam dragon scal |       |       |     1 |       |       ||     1
Dodge: Dodged            |    39 |    57 |   110 |   249 |   561 ||  1016
Block: Buckler           |       |       |    13 |    70 |   110 ||   193
       Kite shield       |       |       |       |       |    36 ||    36

Table legend: (Time is in decaauts)
 A = Elapsed time spent in this place.
 B = Non-inter-level travel time spent in this place.
 C = Inter-level travel time spent in this place.
 D = Time resting spent in this place.
 E = Time spent auto-exploring this place.
 F = Levels seen in this place.
 G = Mean time per level.
                   A        B        C        D        E       F      G
               +--------+--------+--------+--------+--------+-----+--------+
         Total |  20681 |  17752 |   2929 |    562 |  13977 |  23 |  899.2 |
       Dungeon |  12320 |  10414 |   1906 |     90 |   8719 |  13 |  947.7 |
        Temple |     87 |     83 |      4 |      0 |     39 |   1 |   87.0 |
          Lair |   6156 |   5400 |    756 |    180 |   4272 |   5 | 1231.2 |
  Orcish Mines |   1417 |   1266 |    151 |    292 |    674 |   2 |  708.5 |
   Elven Halls |    387 |    278 |    109 |      0 |     78 |   1 |  387.0 |
      Gauntlet |    311 |    311 |      0 |      0 |    194 |   1 |  311.0 |
               +--------+--------+--------+--------+--------+-----+--------+

Top non-repeatable levels by time:
  Lair:5: 1531 daAuts
  Lair:3: 1349 daAuts
     D:3: 1300 daAuts
    D:12: 1275 daAuts
   Orc:1: 1212 daAuts
  Lair:2: 1186 daAuts
     D:6: 1110 daAuts
  Lair:4: 1063 daAuts
  Lair:1: 1027 daAuts
     D:7: 993 daAuts
    D:10: 976 daAuts
    D:11: 970 daAuts
    D:13: 911 daAuts
     D:9: 888 daAuts
     D:5: 852 daAuts
